 Dungeon Crawl Stone Soup version 0.20-a0-208-g55166f7 (webtiles) character file.

109 FitzyFitz the Grave Robber (level 4, -3/36 HPs)
             Began as a Deep Dwarf Necromancer on Nov 25, 2016.
             Was an Initiate of Makhleb.
             Splashed by Ijyb's acid (8 damage)
             ... on level 3 of the Dungeon.
             The game lasted 00:07:21 (3125 turns).

FitzyFitz the Grave Robber (Deep Dwarf Necromancer) Turns: 3125, Time: 00:07:21

Health: -3/36      AC: -1    Str: 11    XL:     4   Next: 60%
Magic:  2/6        EV: 12    Int: 17    God:    Makhleb [......]
Gold:   218        SH:  0    Dex: 13    Spells: 2/6 levels left

rFire  . . .     SeeInvis .     n - +2 hand axe (vamp)
rCold  . . .     Gourm    .     r - +0 robe
rNeg   . . .     Faith    .     (no shield)
rPois  .         Spirit   .     g - +0 helmet
rElec  .         Reflect  .     (no cloak)
rCorr  .         Harm     .     (no gloves)
MR     .....                    (no boots)
Stlth  ++........               (no amulet)
                                (no ring)
                                (no ring)

@: corroded, non-regenerating
A: damage resistance, recharge devices, sense surroundings 1, slow regeneration
3
a: Device Recharging, Renounce Religion


You were on level 3 of the Dungeon.
You worshipped Makhleb.
Makhleb was noncommittal.
You were hungry.

You visited 1 branch of the dungeon, and saw 3 of its levels.

You collected 218 gold pieces.

Inventory:

Hand Weapons
 n - a +2 vampiric hand axe (weapon)
Missiles
 a - 5 tomahawks (quivered)
 h - 48 bolts
 j - 60 stones
 v - a throwing net
Armour
 g - a +0 helmet (worn)
 r - a +0 robe (worn)
Jewellery
 e - an uncursed amulet of guardian spirit
Wands
 c - a wand of heal wounds (5/9)
 u - a wand of lightning (3/15)
Scrolls
 p - a scroll of immolation
 q - a scroll of random uselessness {unknown}
 s - a scroll of blinking {unknown}
Potions
 f - a potion of mutation {unknown}
 l - a potion of brilliance
 t - a potion of heal wounds
Books
 k - a book of Necromancy

   Spells                             Type                      Level
   a - Pain                           Necromancy                   1
   b - Animate Skeleton               Necromancy                   1
   c - Vampiric Draining              Necromancy                   3
   d - Regeneration                   Charms/Necromancy            3
   e - Animate Dead                   Necromancy                   4
   f - Control Undead                 Necromancy                   4
Comestibles
 b - a royal jelly
 d - 4 bread rations
 i - a chunk of flesh
 m - 5 fruits


   Skills:
 + Level 1.0 Axes
 - Level 2.1 Dodging
 - Level 2.4 Stealth
 - Level 1.7 Spellcasting
 + Level 6.5 Necromancy


You had 2 spell levels left.
You knew the following spells:

 Your Spells              Type           Power        Failure   Level  Hunger
a - Pain                  Necr           ###.         1%          1    #......
b - Vampiric Draining     Necr           ###.......   6%          3    ###....


Dungeon Overview and Level Annotations

Branches:
Dungeon (3/15)

Altars:
Makhleb
Nemelex Xobeh
Uskayaw
Zin

Annotations:
D:3 Ijyb


Innate Abilities, Weirdness & Mutations

You are resistant to damage.
You can recharge devices by infusing magical energy.
You passively map a small area around you.
You do not regenerate.


Message History

You see here a dagger.
Throwing (i - inventory. (,) - cycle):
a - 6 tomahawks (quivered)
Press: ? - help, Shift-Dir - straight line, f - Ijyb
Aim: Ijyb, wielding a dagger You throw a tomahawk.
The tomahawk barely misses Ijyb.
The tomahawk closely misses the goblin.
Ijyb zaps a wand.
The bolt of acid hits you!
You are splashed with acid!
The acid burns!
* * * LOW HITPOINT WARNING * * *
It is a wand of acid (?/15).
Casting: Vampiric Draining
Confirm with . or Enter, or press ? or * to list all spells.
Aiming: Vampiric Draining
Press: ? - help, Shift-Dir - straight line, f/p - Ijyb
Aim: Ijyb, wielding a dagger and carrying a wand of acid (?/15) {zapped: 1} Ijyb is heavily wounded.
You feel life coursing into your body.
Ijyb zaps a wand.
The bolt of acid hits you!
* * * LOW HITPOINT WARNING * * *
The acid corrodes you!
You are splashed with acid!
The acid burns!
You die...

........# #).8g8.8.8
* .#......#
#......g.. .#......#
#......... * ,
.#......###..g...[..
.#<.....#......%...g
)#.###..#..g........
* .#.#
#.......8.8.8.8 ,
.#.###..#.##########
.#......#(...)gg@.#
.######.#'#######.#
.######....######.#
.....##...........#
..##.##....########
#.##.####### #.##.#
#.# ..##.# #.#
#.##.# #.#


You could see Ijyb and a goblin.

Vanquished Creatures
  7 adders
  3 worms
  A dart slug (D:2)
  A leopard gecko (D:3)
  4 giant cockroaches
  3 hobgoblins
  A ball python (D:2)
  6 bats
  3 frilled lizards
  5 goblins
  3 kobolds
  6 rats
43 creatures vanquished.

Notes
Turn   | Place    | Note
-------+----------+-------------------------------------------
     0 | D:1      | FitzyFitz the Deep Dwarf Necromancer began the quest for the Orb.
     0 | D:1      | Reached XP level 1. HP: 15/15 MP: 3/3
   462 | D:1      | Reached XP level 2. HP: 22/22 MP: 4/4
   487 | D:1      | Reached skill level 5 in Necromancy
   889 | D:2      | Reached XP level 3. HP: 22/28 MP: 5/5
   978 | D:2      | Found a glowing silver altar of Zin.
  1039 | D:2      | Learned a level 3 spell: Vampiric Draining
  1781 | D:2      | Found a sparkling altar of Nemelex Xobeh.
  1846 | D:2      | Found a burning altar of Makhleb.
  1852 | D:2      | Became a worshipper of Makhleb the Destroyer
  2099 | D:2      | Reached skill level 6 in Necromancy
  2270 | D:3      | Reached XP level 4. HP: 26/36 MP: 2/6
  2407 | D:3      | Found a hide-covered altar of Uskayaw.
  3087 | D:3      | Noticed Ijyb
  3105 | D:3      | Reached skill level 1 in Axes
  3125 | D:3      | Splashed by Ijyb's acid

Vault maps used:
D:1:      dpeg_arrival_chase
D:2:      nicolae_overflow_crystal_walls, marbit_many_paths, lemuel_doored_altar
D:3:      kennysheep_the_goblin_king, lemuel_round_altar,
          hangedman_decor_clover_reticule

Skill      XL: |  1  2  3  4 |
---------------+-------------+-----
Necromancy     | 5 6 |  6.5
Axes           | 1 |  1.0
Dodging        | |  2.1
Stealth        | |  2.4
Spellcasting   | |  1.7

Action                   |  1- 3 |  4- 6 || total
-------------------------+-------+-------++-------
Melee: Unarmed           |     6 |       ||     6
       Mace              |    24 |       ||    24
       Hand axe          |       |    59 ||    59
 Fire: Hunting sling     |    72 |       ||    72
Throw: Tomahawk          |       |     1 ||     1
 Cast: Pain              |    10 |     1 ||    11
       Vampiric Draining |     4 |     6 ||    10
  Use: Scroll            |     3 |     1 ||     4
  Eat: Chunk             |     2 |     2 ||     4
       Pizza             |     2 |       ||     2
       Meat ration       |       |     1 ||     1
Armor: Robe              |    13 |     9 ||    22
Dodge: Dodged            |    49 |    46 ||    95
